[Event "44th Chess Olympiad Open 2022"]
[Site "Chennai"]
[Date "2022.08.07"]
[Round "9.56"]
[White "Al-Burshaid, Ebrahim"]
[Black "Kassis, Antoine"]
[Result "1/2-1/2"]
[WhiteElo "1702"]
[BlackElo "2202"]
[Annotator "RC"]
[PlyCount "108"]
[EventDate "2022.??.??"]
[TimeControl "60"]

1. e4 c5 2. Nf3 d6 3. d4 cxd4 4. Nxd4 Nf6 5. Nc3 Nc6 6. Bg5 e6 7. Qd2 a6 8. O-O-O Bd7 9. Kb1 h6 10. Bxf6 Qxf6 11. Nb3 g5 12. f3 Qd8 13. Qf2 Qc7 14. h4 gxh4 15. Rxh4 b5 16. f4 Rc8 17. Re1 Be7 18.
Rh5 Na5 19. Qd4 Rf8 20. Bd3 Nxb3 21. cxb3 Rg8 22. Rxh6 Qc5 23. Qxc5 Rxc5 24. Bf1 Rg4 25. Rh8+ Bf8 26. b4 Rc8 27. Nd5 exd5 28. exd5+ Be6 29. dxe6 fxe6 30. Rxe6+ Kf7 31. Rxd6 Rxf4 32. Rd1 Rxb4 33. Bd3 Rxb2+ 34. Kxb2 Bg7+ 35. Kb1 Bxh8 36.
Be4 Rc5 37. g4 Ke7 38. Bf5 Be5 39. Bc2 Rc4 40. Bf5 Rb4+ 41. Kc1 Rc4+ 42. Kb1 Kf6 43. Re1 a5 44. Bd7 Rd4 45. g5+ Ke7 46. Rxe5+ Kxd7 47. Rxb5 a4 48. g6 Rg4 49. Rb6 Kc7 50. Rf6 Rg2 51. a3 Kb7 52. Rf7+ Kb6 53.
g7 Kc5 54. Kc1 Kc4 1/2-1/2

[Event "44th Chess Olympiad Open 2022"]
[Site "Chennai"]
[Date "2022.08.07"]
[Round "9.57"]
[White "Blackburn, Jonathan L B"]
[Black "Sai Han Thiha"]
[Result "1-0"]
[WhiteElo "2176"]
[BlackElo "1974"]
[Annotator "RC"]
[PlyCount "113"]
[EventDate "2022.??.??"]
[TimeControl "60"]

1. d4 Nf6 2. c4 g6 3. Nc3 Bg7 4. e4 d6 5. Bd3 O-O 6. Nge2 Nfd7 7. O-O c5 8. d5 Ne5 9. Ng3 Nxd3 10. Qxd3 Na6 11. Be3 Nc7 12. f4 a6 13. a4 Rb8 14. e5 b5 15. Qe2 bxc4 16. Rad1 f5 17. Bc1 Bb7 18. Rfe1 Ba8 19. h4 dxe5 20. fxe5 Nxd5 21. Bg5 Nxc3 22. bxc3 Qc7 23. Qxc4+ Kh8 24. Qe6 Rb2 25. Rd7 Qc6 26. Qxc6 Bxc6 27. Rc7 Rxg2+ 28. Kf1 Rxg3 29. Rxc6 Re8 30. Rxc5 h6 31. Be3 Rg4 32. Bd4 Rxh4 33. Rc6 Rb8 34. Rxg6 Rb2 35. Re2 Rh1+ 36. Kg2 Rxe2+ 37. Kxh1 Ra2 38. Rxa6 Kg8 39. Ra8+ Kh7 40. a5 Re2 41. Re8 Ra2 42. Rxe7 Kg8 43. Re8+ Kf7 44. Ra8 f4 45. a6 f3 46. Kg1 f2+ 47. Bxf2 Bxe5 48. a7 Bxc3 49. Rc8 Be1 50. Bd4 Bc3 51. Rxc3 Ra1+ 52. Kg2 Ra2+ 53. Kg3 Ra4 54. Rc8 Ra3+ 55. Kf4 Ra4 56. Ke4 h5 57. a8=Q 1-0

[Event "44th Chess Olympiad Open 2022"]
[Site "Chennai"]
[Date "2022.08.07"]
[Round "9.57"]
[White "Maung, Maung Kyaw Zaw Hein"]
[Black "Toczek, Grzegorz"]
[Result "1-0"]
[WhiteElo "2121"]
[BlackElo "2287"]
[Annotator "RC"]
[PlyCount "81"]
[EventDate "2022.??.??"]
[TimeControl "60"]

1. Nf3 d5 2. d4 e6 3. c4 c5 4. cxd5 exd5 5. Nc3 Nc6 6. g3 Nf6 7. Bg2 Be7 8. O-O O-O 9. Bg5 c4 10. Ne5 Be6 11. f4 h6 12. Bxf6 Bxf6 13.
f5 Bxe5 14. dxe5 Qb6+ 15. Kh1 Qxb2 16. fxe6 fxe6 17. Rc1 Qb6 18. Bh3 Rxf1+ 19. Qxf1 Nxe5 20. Qf4 Ng6 21. Qg4 Nf8 22. Rb1 Qc7 23. Nb5 Qb6 24. a4 Re8 25. Rf1 Qe3 26. Qh5 Re7 27. Qh4 Qg5 28. Qd4 Qh5 29. Bg4 Qe8 30. Qxa7 Rf7 31. Rf2 Rxf2 32. Qxf2 Qc6 33. Qd4 Nd7 34. Bf3 Nf6 35. Nc3 Qd6 36. Qd2 Qb4 37. Kg2 Nd7 38. e4 Nc5 39. exd5 exd5 40. Bxd5+ Kh8 41. Qe3 1-0

[Event "44th Chess Olympiad Open 2022"]
[Site "Chennai"]
[Date "2022.08.07"]
[Round "9.57"]
[White "Bullen, Alex"]
[Black "Myat Thiri Aung Kyaw"]
[Result "1-0"]
[WhiteElo "2106"]
[BlackElo "2120"]
[Annotator "RC"]
[PlyCount "111"]
[EventDate "2022.??.??"]
[TimeControl "60"]

1. d4 Nf6 2. Nf3 e6 3. c4 Bb4+ 4. Bd2 Qe7 5. g3 Nc6 6. Bg2 Bxd2+ 7. Qxd2 Ne4 8. Qc2 Qb4+ 9. Nc3 Nxc3 10. Qxc3 Qxc3+ 11. bxc3 d6 12. O-O Bd7 13. Nd2 Rb8 14. Rab1 Ke7 15. Nb3 b6 16. Rfd1 a5 17. Nc1 Na7 18. Nd3 c5 19. dxc5 bxc5 20. f4 Rhd8 21. Kf2 Ba4 22. Rdc1 Be8 23. e4 a4 24. Ke3 Nc6 25. Rb5 Rxb5 26. cxb5 Na5 27. c4 f6 28. Rc3 e5 29. Nb2 Ra8 30. Ra3 Nb7 31. Rxa4 Ra5 32. Rxa5 Nxa5 33. Bf1 Bf7 34. Kd3 Kd7 35. Kc3 Be6 36. Nd1 Kc7 37. Ne3 Kd7 38. Be2 Kd8 39. Nf1 Kc7 40. Ne3 Kd8 41. Kb2 Bd7 42. Ka3 Nb7 43. Bg4 Be8 44. Be6 Kc7 45. Bd5 Nd8 46. Kb3 exf4 47. gxf4 g5 48. fxg5 fxg5 49. a4 Kb6 50. Nf5 Bh5 51. Nxd6 Bg4 52. Nf7 Nxf7 53. Bxf7 h5 54. e5 Kc7 55. b6+ Kxb6 56. e6 1-0

[Event "44th Chess Olympiad Open 2022"]
[Site "Chennai"]
[Date "2022.08.07"]
[Round "9.57"]
[White "Nay Lin Tun"]
[Black "Kett, Tim"]
[Result "0-1"]
[WhiteElo "2045"]
[BlackElo "2197"]
[Annotator "RC"]
[PlyCount "94"]
[EventDate "2022.??.??"]
[TimeControl "60"]

1. e4 e5 2. Nf3 Nc6 3. Bb5 a6 4. Ba4 Nf6 5. O-O Be7 6. Re1 b5 7. Bb3 d6 8. c3 O-O 9. h3 Na5 10. Bc2 c5 11. d4 Qc7 12. Nbd2 Bd7 13.
Nf1 Rac8 14. d5 Ne8 15. Ng3 g6 16. b3 Ng7 17. Bh6 f6 18.
Nh2 Nb7 19. f4 exf4 20. Bxf4 Nd8 21. Ng4 Nf7 22. Rf1 Ne5 23. Nh6+ Kh8 24. Qe2 a5 25. Rf2 c4 26. Bd2 Rce8 27. Kh2 Bd8 28.
Raf1 Bc8 29. Qd1 Qc5 30. h4 Qa7 31. h5 Qd7 32. Bg5 f5 33.
Be3 Qe7 34. Rh1 fxe4 35. Nxe4 Nxh5 36. Kg1 Rxf2 37. Bxf2 cxb3 38. axb3 Qg7 39. Be3 Be7 40. g4 Nf6 41. Bd4 Nxe4 42. Bxe4 Bg5 43. Qf1 Bxh6 44. Qxb5 Rf8 45. Qb6 Bf4 46. Qxd6 Nf3+ 47. Bxf3 Qxd4+ 0-1

[Event "44th Chess Olympiad Open 2022"]
[Site "Chennai"]
[Date "2022.08.07"]
[Round "9.58"]
[White "Rocha, Maximiliano"]
[Black "Liu, Yeh Yang"]
[Result "0-1"]
[WhiteElo "2117"]
[BlackElo "1994"]
[Annotator "RC"]
[PlyCount "146"]
[EventDate "2022.??.??"]
[TimeControl "60"]

1. e4 c5 2. Nf3 d6 3. d4 cxd4 4. Nxd4 Nf6 5. Nc3 a6 6. Be3 Ng4 7. Bc1 g6 8. Be2 Bg7 9. Bxg4 Bxg4 10. Qxg4 Bxd4 11. Bh6 Qd7 12. Qf3 Nc6 13. Nd5 Ne5 14. Qd1 Bxf2+ 15. Kxf2 Ng4+ 16. Kg3 Nxh6 17. Nb6 Qc6 18. Nxa8 O-O 19. Qd2 Kg7 20. Qd5 Rxa8 21. Qxc6 bxc6 22. Kf3 f6 23. Rhe1 Nf7 24. Re3 Ne5+ 25. Ke2 Kf7 26. Rb3 Ke6 27. a4 a5 28. Rb7 Nd7 29. Ke3 Nc5 30. Rc7 Ra6 31. b3 h5 32. Re1 Nd7 33.
h3 Ne5 34. Kd4 Ra8 35. Kc3 c5 36. Ra1 Rb8 37. Re1 h4 38. Re2 g5 39. Kb2 Kf7 40. Ka1 Ke8 41. Rd2 Ra8 42. Ka2 Nd7 43. Rb7 Kd8 44. Rb5 Kc7 45. g3 hxg3 46. Rg2 Nf8 47. Rxg3 Ne6 48. c3 Kc6 49. h4 gxh4 50. Rh3 Rh8 51. Rxa5 Ng5 52. Rh2 h3 53. Ra7 Rh7 54. b4 Nxe4 55. Kb3 f5 56. b5+ Kb6 57. Ra8 f4 58. Kc4 f3 59. a5+ Kb7 60.
Rf8 f2 61. b6 Rh5 62. Rf7 d5+ 63. Kd3 Ka6 64. c4 Rh4 65. cxd5 c4+ 66. Ke2 c3 67. Rxe7 Rf4 68. Ra7+ Kb5 69. Rxf2 Rxf2+ 70. Ke3 c2 71. Rc7 Nc5 72. b7 c1=Q+ 73. Kxf2 Qf4+ 0-1

[Event "44th Chess Olympiad Open 2022"]
[Site "Chennai"]
[Date "2022.08.07"]
[Round "9.58"]
[White "Espinoza Solano, Jose Nahum"]
[Black "Wu, Bing-Shen"]
[Result "1-0"]
[WhiteElo "2093"]
[BlackElo "1660"]
[Annotator "NA RC"]
[PlyCount "91"]
[EventDate "2022.??.??"]
[TimeControl "60"]

1. e4 d6 2. d4 Nf6 3. Nc3 g6 4. Be3 Bg7 5. Qd2 O-O 6. f3 e5 7. Nge2 exd4 8.
Bxd4 Nc6 9. Be3 Be6 10. O-O-O b5 11. Nf4 b4 12. Ncd5 a5 13. Nxe6 fxe6 14. Nf4 Qc8 15. h4 Ne5 16. h5 Qe8 17. hxg6 hxg6 18. Nh3 Nh5 19. Qe1 Qc6 20. Ng5 b3 21. axb3 a4 22. Qc3 a3 23. Qxc6 axb2+ 24. Kd2 Nxc6 25. Nxe6 Ng3 26. Rg1 Ra1 27. Bc4 Ne5 28. Nxf8+ Nxc4+ 29. bxc4 Ra3 30. c3 Bxc3+ 31. Kc2 Kxf8 32. Rd3 Ne2 33. Rb1 Ra1 34. Rxc3 Rxb1 35. Bh6+ Kf7 36. Kxb1 Nxc3+ 37. Kxb2 Na4+ 38. Kc2 Ke6 39. Be3 c5 40. Bd2 Ke5 41. Ba5 Kf4 42. Kb3 Kg3 43. Kxa4 g5 44. Bc7 Kxg2 45. Bxd6 Kxf3 46. e5 1-0

[Event "44th Chess Olympiad Open 2022"]
[Site "Chennai"]
[Date "2022.08.07"]
[Round "9.58"]
[White "Hsu, Hsuan-Ming"]
[Black "Salazar Cabezas, Alberto Javier"]
[Result "0-1"]
[WhiteElo "1900"]
[BlackElo "2155"]
[Annotator "RC"]
[PlyCount "148"]
[EventDate "2022.??.??"]
[TimeControl "60"]

1. e4 c5 2. c3 d5 3. exd5 Qxd5 4. d4 Nc6 5. Nf3 Bf5 6. dxc5 Qxd1+ 7. Kxd1 O-O-O+ 8. Nbd2 e5 9. b4 Be7 10. Ke1 Bf6 11. Nb3 e4 12. Nfd4 Nge7 13. Be3 Bg6 14. Bc4 Nd5 15. Bxd5 Rxd5 16. Nxc6 Bxc3+ 17. Bd2 Bxd2+ 18. Nxd2 bxc6 19. Nc4 Rd4 20. Rc1 Kc7 21. a3 Rd3 22. h4 Rhd8 23. h5 Bf5 24. Nd6 Bg4 25. Ra1 h6 26. Kf1 R8xd6 27. cxd6+ Kxd6 28. Kg1 Rd5 29. Kh2 Bxh5 30. Rhe1 f5 31. a4 Rd2 32. Kg1 a6 33.
Reb1 Be2 34. b5 cxb5 35. axb5 Bxb5 36. Rc1 f4 37. Rc8 Ke7 38. Re1 Rd4 39. Rc7+ Kf6 40. Ra7 g6 41. Rb7 h5 42. Rb6+ Kg5 43. Re6 Kf5 44. Rb6 Rd5 45. Kh2 Re5 46. g3 g5 47. gxf4 gxf4 48.
Rh6 Kg4 49. Kg2 Bd3 50. Rg6+ Rg5 51. Rxg5+ Kxg5 52. Rc1 Kf6 53. Rc5 Be2 54. Rc6+ Ke5 55. Rc8 Kd4 56. Rf8 a5 57. Ra8 Bf3+ 58. Kf1 h4 59. Rxa5 h3 60. Kg1 e3 61. fxe3+ fxe3 62. Ra4+ Kd3 63. Ra3+ Ke4 64. Ra4+ Kd3 65. Ra3+ Kd2 66. Kh2 Bg2 67. Ra2+ Ke1 68. Kg1 e2 69. Ra1+ Kd2 70. Ra2+ Ke3 71. Ra3+ Kf4 72. Kf2 e1=Q+ 73. Kxe1 h2 74. Ra4+ Be4 0-1

[Event "44th Chess Olympiad Open 2022"]
[Site "Chennai"]
[Date "2022.08.07"]
[Round "9.58"]
[White "Yan, Austin K"]
[Black "Alfaro, William"]
[Result "1-0"]
[WhiteElo "1568"]
[BlackElo "2155"]
[Annotator "RC"]
[PlyCount "45"]
[EventDate "2022.??.??"]
[TimeControl "60"]

1. e4 c5 2. Nf3 Nc6 3. d4 cxd4 4. Nxd4 g6 5. c4 Bg7 6. Be3 Nf6 7. Nc3 O-O 8. Be2 d6 9. f3 Bd7 10. Qd2 Nxd4 11. Bxd4 Bc6 12. h4 e6 13. O-O-O a6 14. g4 Qa5 15. Kb1 Rfd8 16. h5 b5 17. h6 e5 18.
hxg7 b4 19. Nd5 Bxd5 20. cxd5 exd4 21. Qxd4 Rdc8 22. Qxf6 Qc5 23. Bd3 1-0

[Event "44th Chess Olympiad Open 2022"]
[Site "Chennai"]
[Date "2022.08.07"]
[Round "9.59"]
[White "Rehan, Deng Cypriano"]
[Black "Namale, Ben Nguku"]
[Result "1/2-1/2"]
[WhiteElo "2105"]
[BlackElo "1962"]
[Annotator "RC"]
[PlyCount "140"]
[EventDate "2022.??.??"]
[TimeControl "60"]

1. d4 d5 2. Bf4 Nf6 3. e3 c5 4. c3 Nc6 5. Nd2 cxd4 6. cxd4 Qb6 7. Qb3 Qxb3 8. Nxb3 e6 9. a3 Nh5 10. Bg3 Nxg3 11. hxg3 b6 12. Rc1 Bd7 13. f4 a5 14. Bb5 Na7 15. Bxd7+ Kxd7 16. Nf3 f6 17. g4 Rc8 18. g5 a4 19. Rxc8 Nxc8 20. Nc1 Nd6 21. Nd3 Nc4 22. Ke2 Bd6 23.
g6 h6 24. g4 Rc8 25. g5 hxg5 26. fxg5 e5 27. gxf6 gxf6 28. dxe5 fxe5 29. Ng5 Rg8 30. Rh6 Be7 31. Nf7 Ke6 32. Nfxe5 Nxe5 33. g7+ Bf6 34. Nf4+ Kf7 35. Nxd5 Nd7 36. Nxf6 Nxf6 37. Rh4 b5 38. Rb4 Rb8 39. e4 Nd7 40. b3 axb3 41. Rxb3 Kxg7 42. Ke3 Nc5 43. Rc3 Ne6 44. e5 Kg6 45. Ke4 Ng5+ 46. Kf4 Rf8+ 47. Kg4 Ne6 48. Rc6 Rf4+ 49. Kg3 Kf5 50. Rb6 Nd4 51. e6 Rf3+ 52. Kg2 Rxa3 53. e7 Re3 54. Rd6 Rxe7 55. Rxd4 Ke5 56. Rd8 Ke4 57. Kf2 Re5 58. Ke2 Rh5 59. Kd2 Rc5 60. Re8+ Kd4 61. Rd8+ Kc4 62. Kc2 Rh5 63. Rd2 Rh3 64. Rg2 Kb4 65. Kb2 Ka4 66. Rg4+ b4 67. Rg2 Rd3 68. Rh2 Rd4 69. Rg2 Kb5 70. Rh2 Ka4 1/2-1/2

[Event "44th Chess Olympiad Open 2022"]
[Site "Chennai"]
[Date "2022.08.07"]
[Round "9.59"]
[White "Peter Majur Manyang"]
[Black "Mukoko, Isaac"]
[Result "1-0"]
[WhiteElo "2095"]
[BlackElo "1805"]
[Annotator "NA RC"]
[PlyCount "57"]
[EventDate "2022.??.??"]
[TimeControl "60"]

1. e4 c5 2. Nf3 d6 3. d4 cxd4 4. Nxd4 Nf6 5. Nc3 a6 6. Bg5 e6 7. Qf3 Be7 8. O-O-O Qc7 9. Bd3 Nbd7 10. Qe2 b5 11. f4 Bb7 12. Bxf6 Nxf6 13. e5 dxe5 14. fxe5 Nd7 15. Rhe1 Bb4 16. Qg4 Bxc3 17. Nxe6 fxe6 18. Qxe6+ Kd8 19. Bf5 Bc6 20. bxc3 Re8 21. Qf7 Re7 22. Qf8+ Re8 23. Qxg7 Kc8 24. Rd6 Qxd6 25. exd6 Rxe1+ 26. Kb2 Rd1 27. Qe7 Rf1 28. Be4 Bxe4 29. Qe8+ 1-0

[Event "44th Chess Olympiad Open 2022"]
[Site "Chennai"]
[Date "2022.08.07"]
[Round "9.59"]
[White "Njoroge, Martin"]
[Black "Madol Garang Panthoum"]
[Result "1/2-1/2"]
[WhiteElo "1973"]
[BlackElo "1985"]
[Annotator "NA"]
[PlyCount "107"]
[EventDate "2022.??.??"]
[TimeControl "60"]

1. d4 Nf6 2. c4 e6 3. Nf3 d5 4. Bf4 Be7 5. Nc3 O-O 6. Rc1 c6 7. e3 Nh5 8. Be5 Nd7 9. Bd3 f5 10. O-O g6 11. Qb3 Nhf6 12. Bf4 Ne4 13. cxd5 exd5 14. Nxe4 fxe4 15. Bxe4 a5 16. Bd3 Nf6 17. Ne5 Kg7 18. Qc2 Qe8 19. Bg5 Ng4 20. Bxg6 hxg6 21. Bxe7 Rh8 22. Bg5 Nxh2 23. Rfe1 Ng4 24. Bf4 Rh7 25. Nxg4 Bxg4 26. e4 Qf7 27. Be5+ Kg8 28. exd5 Bf5 29. Qc5 Qxd5 30. Qxd5+ cxd5 31. Rc5 Rd7 32. Rec1 a4 33. Rc8+ Rxc8 34. Rxc8+ Kf7 35. Kh2 Bb1 36. a3 Ke6 37. Kg3 Rf7 38. Rd8 Rd7 39. Ra8 Bc2 40. Kg4 Rh7 41. Re8+ Kd7 42. Rf8 Ke7 43. Rf6 Rf7 44. Rd6 Rxf2 45. Rb6 Rxg2+ 46. Kh3 Re2 47. Rxb7+ Ke6 48. Kg4 Rg2+ 49. Kh3 Rg5 50. Rc7 Bb3 51. Bg3 Kf5 52. Re7 Rh5+ 53. Kg2 Kg4 54. Rf7 1/2-1/2

[Event "44th Chess Olympiad Open 2022"]
[Site "Chennai"]
[Date "2022.08.07"]
[Round "9.59"]
[White "Hinga, Githinji"]
[Black "Ajak Mach Duany"]
[Result "0-1"]
[WhiteElo "1954"]
[BlackElo "2029"]
[Annotator "NA RC"]
[PlyCount "40"]
[EventDate "2022.??.??"]
[TimeControl "60"]

1. e4 c6 2. d4 d5 3. Nc3 dxe4 4. Nxe4 Bf5 5. Ng3 Bg6 6. Nf3 e6 7. Bc4 Bd6 8. c3 Ne7 9. O-O Nd7 10. Re1 Qc7 11. Bg5 h6 12. Bxe7 Bxe7 13.
Qe2 O-O-O 14. Bxe6 fxe6 15. Qxe6 Bf6 16. Ne5 Bh7 17. Nf7 Bg8 18. Ne4 Kb8 19. Ned6 Nb6 20. a4 Nc8 0-1

[Event "44th Chess Olympiad Open 2022"]
[Site "Chennai"]
[Date "2022.08.07"]
[Round "9.60"]
[White "Jimma, Desalegn Fekadu"]
[Black "Barcon, Harmon"]
[Result "0-1"]
[WhiteElo "2112"]
[BlackElo "1902"]
[Annotator "NA"]
[PlyCount "100"]
[EventDate "2022.??.??"]
[TimeControl "60"]

1. d4 Nf6 2. c4 e6 3. Nc3 d5 4. Nf3 c6 5. e3 Be7 6. Be2 Nbd7 7. O-O O-O 8.
Qc2 Re8 9. e4 dxe4 10. Nxe4 Nxe4 11. Qxe4 Nf6 12. Qc2 Qc7 13. Bg5 c5 14. Rfd1 cxd4 15. Nxd4 Bd7 16. Rac1 a6 17. Bh4 Rad8 18. Bg3 Qa5 19. Bf3 e5 20. Nb3 Qc7 21. Re1 Bb4 22. Re2 g6 23. Re3 Ba4 24. Qe2 Bxb3 25.
Rxb3 Qa5 26. a3 Bd2 27. Rd1 e4 28. Bg4 Nxg4 29. Qxg4 f5 30.
Qe2 f4 31. Bh4 Rd7 32. Bf6 e3 33. fxe3 fxe3 34. Bh4 Qc5 35. h3 Re4 36. Be1 Qxc4 37. Qxc4+ Rxc4 38. Kf1 Rf7+ 39. Ke2 Bxe1 40. Rxe1 Rc2+ 41. Kd3 Rd2+ 42. Kxe3 Rxg2 43. Kd4 Rg5 44. Re5 Rd7+ 45. Ke4 Rg1 46. Re3 Rf1 47. b4 Kf7 48. Re2 Kf6 49. Re3 g5 50. Re8 Rf4# 0-1

[Event "44th Chess Olympiad Open 2022"]
[Site "Chennai"]
[Date "2022.08.07"]
[Round "9.60"]
[White "Tsige, Addisalem Temesgen"]
[Black "Arnold Smith"]
[Result "1-0"]
[WhiteElo "2072"]
[BlackElo "1931"]
[Annotator "NA"]
[PlyCount "109"]
[EventDate "2022.??.??"]
[TimeControl "60"]

1. d4 Nf6 2. Bf4 d5 3. e3 Bf5 4. c4 e6 5. Qb3 Qc8 6. Nc3 c6 7. Rc1 Qd7 8. Nf3 b6 9. cxd5 exd5 10. Ne5 Qe6 11. Be2 Bd6 12. Nb5 Bxe5 13.
dxe5 cxb5 14. exf6 O-O 15. fxg7 Kxg7 16. Bxb5 a6 17. Be2 Nd7 18. O-O Nc5 19. Qc3+ Kg8 20. Rfd1 a5 21. Qd4 Rfd8 22. Bg5 Rd6 23. Bc4 dxc4 24. Qxd6 Nd3 25. Qxe6 Bxe6 26. Rc2 b5 27. Bf6 h5 28. Rcd2 Ra6 29. Bc3 a4 30. a3 Bf5 31. f3 Rd6 32. e4 Be6 33. Kf1 Kh7 34. g3 Bh3+ 35.
Ke2 Kg6 36. Ke3 Be6 37. f4 Bg4 38. Rh1 Bh3 39. Rg1 Bg4 40.
Rf1 f6 41. e5 Re6 42. Kd4 fxe5+ 43. fxe5 Nxe5 44. Kc5 Re8 45.
Rd6+ Kh7 46. Kxb5 Bh3 47. Re1 Rb8+ 48. Kxa4 Nd3 49. Re7+ Kg8 50. Rg7+ Kf8 51. Rh6 Nc5+ 52. Ka5 Nb3+ 53. Ka6 Nc5+ 54. Ka7 Rb7+ 55. Rxb7 1-0

[Event "44th Chess Olympiad Open 2022"]
[Site "Chennai"]
[Date "2022.08.07"]
[Round "9.60"]
[White "Daniel Kolliemelen"]
[Black "Gole, Habtamu Ashenafi"]
[Result "0-1"]
[WhiteElo "1870"]
[BlackElo "2044"]
[Annotator "NA"]
[PlyCount "98"]
[EventDate "2022.??.??"]
[TimeControl "60"]

1. d4 Nf6 2. f4 d5 3. e3 e6 4. Bd3 c5 5. c3 Nc6 6. Nd2 Be7 7. Ngf3 O-O 8. O-O Ne8 9. Ne5 f5 10. g4 cxd4 11. cxd4 g6 12. g5 Nxe5 13. dxe5 Rf7 14. Nb3 h6 15. h4 hxg5 16. hxg5 Rh7 17. Rf2 Bd7 18. Rg2 Ng7 19. Bd2 Kf7 20. Qe2 Bc6 21. Nd4 Qb6 22. Bc3 Rah8 23. Kf2 Rh4 24. Qd2 a6 25. Ba5 Qa7 26. Be2 Bc5 27. Bc3 b5 28. Nxc6 Bxe3+ 29. Qxe3 Rxf4+ 30. Bf3 Rxf3+ 31. Kxf3 Rh3+ 32. Rg3 Rxg3+ 33. Kxg3 Qxe3+ 34. Kg2 Qe2+ 35. Kg1 f4 36. Rf1 Qg4+ 37. Kf2 Nf5 38. Ke1 Ne3 39. Rxf4+ Qxf4 40. a3 Qf1+ 41. Kd2 Nc4+ 42. Kc2 Qe2+ 43. Kb3 Nd2+ 44. Kc2 Ne4+ 45. Kc1 Nxc3 46. bxc3 Qc4 47. Nd8+ Ke7 48. Nb7 Qxc3+ 49. Kd1 Qxe5 0-1

[Event "44th Chess Olympiad Open 2022"]
[Site "Chennai"]
[Date "2022.08.07"]
[Round "9.60"]
[White "Joel O. Ebiekuta"]
[Black "Badene, Habtamu Bayu"]
[Result "0-1"]
[WhiteElo "1848"]
[BlackElo "2011"]
[Annotator "NA"]
[PlyCount "104"]
[EventDate "2022.??.??"]
[TimeControl "60"]

1. e4 e5 2. Nf3 Nc6 3. Bb5 Nf6 4. O-O Be7 5. Re1 d6 6. h3 a6 7. Bf1 O-O 8. c3 d5 9. exd5 Qxd5 10. c4 Qd6 11. Nc3 Bf5 12. a3 Rfe8 13.
b4 e4 14. c5 Qd7 15. Nh2 Rad8 16. Qb3 Nd4 17. Qb2 Bf8 18. Re3 Bg6 19. Bc4 Nf5 20. Re1 Nh4 21. Re3 Qd4 22. Bf1 Nf5 23. Re2 Ng3 24. Re3 Nxf1 25. Nxf1 Nh5 26. Ne2 Qxb2 27. Bxb2 f5 28. g3 Be7 29. Rc3 Nf6 30. Nf4 Nd5 31. Nxd5 Rxd5 32. Rc2 Red8 33. Bc3 Kf7 34. Ne3 Rd3 35. Nc4 Bf6 36. Re1 Bh5 37. Re3 Bf3 38. Rxd3 Rxd3 39. Bxf6 Kxf6 40. Rc3 Rd8 41. Kf1 g5 42. Ke1 f4 43. Kf1 Kf5 44. Rc2 h5 45. Rc3 e3 46. fxe3 fxg3 47. d4 h4 48. Ne5 Ke4 49. Nc4 g4 50. hxg4 Bxg4 51. Nd2+ Kd5 52. e4+ Kxd4 0-1

[Event "44th Chess Olympiad Open 2022"]
[Site "Chennai"]
[Date "2022.08.07"]
[Round "9.61"]
[White "Fellman, Mike"]
[Black "Jamal, Hamid Harmon Gulamo"]
[Result "1-0"]
[WhiteElo "2107"]
[BlackElo "1617"]
[Annotator "NA RC"]
[PlyCount "99"]
[EventDate "2022.??.??"]
[TimeControl "60"]

1. d4 Nf6 2. c4 g6 3. f3 d6 4. e4 e5 5. d5 Nfd7 6. h4 a5 7. Be3 Nc5 8. h5 Be7 9. Qd2 Bh4+ 10. Kd1 Bf6 11. Nc3 g5 12. g4 h6 13. Nh3 Nbd7 14. Be2 Be7 15.
Ke1 f6 16. Kf1 Kf7 17. Kg2 Nb6 18. b3 Bd7 19. Nf2 Qc8 20. Rab1 Rd8 21. Rhc1 Be8 22. Bd1 Bd7 23. Ne2 Be8 24. Ng3 Bd7 25. a3 Qb8 26. b4 axb4 27.
axb4 Nca4 28. c5 Nc8 29. Ra1 dxc5 30. bxc5 b5 31. Nd3 Bf8 32. Rcb1 Qa7 33. Bxa4 bxa4 34. c6 Nb6 35. cxd7 Nc4 36. Bxa7 Nxd2 37. Rb7 a3 38. Rxc7 Nb3 39. Ra2 Bd6 40. Rc6 Rxa7 41. Rxd6 Nd4 42. Nc5 Nb5 43. Rc6 Nc3 44. Ra1 a2 45. Rc8 Nd1 46. Rxd8 Ne3+ 47. Kf2 Nc2 48. Rf8+ Kxf8 49. d8=Q+ Kf7 50. Ne6 1-0

[Event "44th Chess Olympiad Open 2022"]
[Site "Chennai"]
[Date "2022.08.07"]
[Round "9.61"]
[White "Gerena Rivas, Eliam"]
[Black "Paiva, Donaldo"]
[Result "1/2-1/2"]
[WhiteElo "2102"]
[BlackElo "2191"]
[Annotator "RC"]
[PlyCount "79"]
[EventDate "2022.??.??"]
[TimeControl "60"]

1. e4 c5 2. Nc3 d6 3. f4 g6 4. Nf3 Bg7 5. Bc4 Nc6 6. d3 e6 7. O-O Nge7 8.
Qe1 O-O 9. Qh4 Nd4 10. f5 gxf5 11. Bh6 Nxf3+ 12. Rxf3 Ng6 13. Qh5 Qh4 14. Qxh4 Nxh4 15. Rg3 Ng6 16. Bxg7 Kxg7 17. exf5 exf5 18. Nd5 Bd7 19. Nf4 Kh8 20. Rf1 Nxf4 21. Rxf4 Be6 22. Bb3 Rg8 23. Rxg8+ Rxg8 24. Kf2 b5 25. c3 Rg6 26. d4 Kg7 27. g3 Rg4 28. d5 Bc8 29. Bd1 Rxf4+ 30. gxf4 Bb7 31. Bf3 Kf6 32. b4 cxb4 33. cxb4 Bc8 34. Kg3 h6 35. Kf2 Bd7 36. Kg3 Be8 37. Kh4 Bd7 38. Kg3 Be8 39. Kh4 Bd7 40. Kg3 1/2-1/2

[Event "44th Chess Olympiad Open 2022"]
[Site "Chennai"]
[Date "2022.08.07"]
[Round "9.61"]
[White "Vasco Mateus Felizardo Viagei"]
[Black "Rodriguez Santiago, Jaime"]
[Result "0-1"]
[WhiteElo "1852"]
[BlackElo "2067"]
[Annotator "NA RC"]
[PlyCount "116"]
[EventDate "2022.??.??"]
[TimeControl "60"]

1. e4 c6 2. d4 d5 3. Nc3 dxe4 4. Nxe4 Nf6 5. Ng3 h5 6. h4 c5 7. Nf3 Nc6 8. Be3 cxd4 9. Nxd4 Bg4 10. f3 Qa5+ 11. Kf2 O-O-O 12. Qd3 Bd7 13. Nxc6 Bxc6 14. Qf5+ Qxf5 15. Nxf5 e5 16. Bc4 g6 17. Bg5 gxf5 18. Bxf6 Bc5+ 19. Kf1 Rd4 20. Bxh8 Rxc4 21. c3 Bd6 22. Re1 e4 23. Kf2 Bc5+ 24. Kg3 f4+ 25. Kxf4 exf3+ 26. Bd4 fxg2 27. Rhg1 Bxd4 28. cxd4 Rxd4+ 29. Kg5 Rd5+ 30. Kf6 Rd6+ 31.
Kxf7 Rd4 32. Rc1 Kb8 33. Rxc6 bxc6 34. Rxg2 Rxh4 35. Rc2 Kb7 36. Kg6 Rh1 37. Kg5 Kb6 38. Rc3 Rh2 39. Rb3+ Kc7 40. Kf4 c5 41. Kg3 Rh1 42. Ra3 Kb6 43. Rb3+ Kc6 44. Ra3 Rb1 45. b3 Kb6 46. Ra4 a5 47. Kh4 Rh1+ 48. Kg3 Kb5 49. Kg2 Rd1 50. Kh3 Rd4 51. Ra3 Rg4 52. Kh2 a4 53. Kh3 Rd4 54. Kg3 Rd3+ 55. Kh4 axb3 56. axb3 Kb4 57. Ra8 Kxb3 58. Kxh5 c4 0-1

[Event "44th Chess Olympiad Open 2022"]
[Site "Chennai"]
[Date "2022.08.07"]
[Round "9.61"]
[White "Rafael Chirinza"]
[Black "Pinales Roussel, Gabriel"]
[Result "1-0"]
[WhiteElo "1725"]
[BlackElo "1973"]
[Annotator "NA RC"]
[PlyCount "82"]
[EventDate "2022.??.??"]
[TimeControl "60"]

1. d4 d5 2. Nf3 e6 3. Bf4 Nf6 4. e3 Bd6 5. Bg3 O-O 6. Bd3 c5 7. c3 Nc6 8. Nbd2 cxd4 9. exd4 h6 10. O-O Bxg3 11. hxg3 a6 12. a4 Ne8 13. Re1 Nd6 14. Nf1 Bd7 15. Ne3 b5 16. axb5 axb5 17. Qb3 Rb8 18. Ra6 Nc4 19. Ra2 Qc7 20. Ng4 Rfc8 21. Nge5 N4xe5 22. Nxe5 Nxe5 23. Rxe5 b4 24. Re3 bxc3 25. Qxc3 Qb6 26. Qd2 Kf8 27. Bf1 Qb4 28. Rc3 Rxc3 29. bxc3 Qb1 30. Rc2 Ba4 31. Rc1 Rb2 32. Qf4 Qa2 33. c4 dxc4 34. Bxc4 Qa3 35. Bxe6 Qe7 36. d5 Bc2 37. Bg4 g5 38. Qd4 Qb7 39. Qh8+ Ke7 40. Re1+ Kd6 41. Qf8+ Kxd5 1-0

[Event "44th Chess Olympiad Open 2022"]
[Site "Chennai"]
[Date "2022.08.07"]
[Round "9.62"]
[White "Rongwane, Gomolemo"]
[Black "Al-Hajiri, Bader"]
[Result "1-0"]
[WhiteElo "2033"]
[BlackElo "2011"]
[Annotator "NA RC"]
[PlyCount "71"]
[EventDate "2022.??.??"]
[TimeControl "60"]

1. d4 d5 2. Nf3 Nf6 3. c4 c6 4. Qc2 dxc4 5. Qxc4 Bf5 6. Nc3 e6 7. Bg5 Qb6 8. Bc1 Nbd7 9. Nh4 Bb4 10. Nxf5 exf5 11. e3 O-O 12. Bd3 g6 13. O-O Rfe8 14. a3 Bd6 15. b4 a5 16. Rb1 axb4 17. axb4 Qc7 18. g3 b5 19. Qb3 Nb6 20. Bd2 Ra6 21. Rfc1 Qd7 22. Ra1 Qa7 23. Ra5 Qb7 24. Rca1 Rxa5 25. bxa5 Nbd5 26. Nxd5 Nxd5 27. Bf1 Ra8 28. Bg2 b4 29. Bf1 Nc7 30. Bc4 Nb5 31. Ra4 Rb8 32. Bxb4 Bc7 33. a6 Qc8 34. Bxf7+ Kg7 35. Qe6 Qd8 36. Be7 1-0